 Dungeon Crawl Stone Soup version 0.17-a0-776-gd86b262 (webtiles) character file.

4484 Sixotanaka the Cleaver (level 10, -1/76 HPs)
             Began as a Vine Stalker Berserker on Apr 24, 2015.
             Was an Elder of Trog.
             Slain by a water elemental (4 damage)
             ... on level 10 of the Dungeon.
             The game lasted 00:20:27 (2745 turns).

Sixotanaka the Cleaver (Vine Stalker Berserker)     Turns: 2745, Time: 00:20:27

Health: -1/76      AC: 14    Str: 28      XL:     10   Next: 38%
Magic:  0/11       EV: 13    Int:  7      God:    Trog [****..]
Gold:   58         SH:  0    Dex: 11 (14) Spells: 0 memorised, 9 levels left

rFire  + . .     SeeInvis .     G - +2 battleaxe
rCold  x . .     Clarity  +     u - +0 plate armour
rNeg   . . .     SustAb   .     (no shield)
rPois  .         Gourm    .     (no helmet)
rElec  .         Spirit   +     (no cloak)
rCorr  .         Warding  .     (no gloves)
rMut   .         Stasis   .     (no boots)
MR     +....                    m - amulet of clarity
Stlth  ..........               x - +5 ring of evasion
                                k - ring of fire

@: berserking, very quick, somewhat resistant to hostile enchantments, extremely
unstealthy
A: fangs 3, regeneration 2, shaggy fur 1, magic shield, antimagic bite, no
device heal 3, rot immunity
a: Burn Spellbooks, Berserk, Trog's Hand, Brothers in Arms, Renounce Religion


You were on level 10 of the Dungeon.
You worshipped Trog.
Trog was greatly pleased with you.
You were not hungry.

You visited 2 branches of the dungeon, and saw 11 of its levels.
You also visited: Sewer.

You collected 130 gold pieces.
You spent 72 gold pieces at shops.


Innate Abilities, Weirdness & Mutations

You have razor-sharp teeth.
You heal very quickly.
You are covered in fur (AC +1).
When hurt, damage is shared between your health and your magic reserves.
Your bite disrupts and absorbs the magic of your enemies.
Potions and wands cannot restore your health.
You are immune to rotting.


   Skills:
 + Level 5.0 Fighting
 * Level 11.1 Axes
 + Level 6.7 Armour
 - Level 1.5 Dodging


You had 9 spell levels left.
You didn't know any spells.

Dungeon Overview and Level Annotations

Branches:
Dungeon (10/15)            Temple (1/1) D:6
   Lair: D:8-11         Orc: D:9-12

Altars:
Ashenzari
Cheibriados
Dithmenos
Nemelex Xobeh
Okawaru
Qazlal
Trog
Vehumet
Xom
Yredelemnul
The Shining One

Shops:
D:8 ![*

Inventory:

Hand weapons
 G - a +2 battleaxe (weapon)
Missiles
 h - a throwing net (quivered)
Armour
 l - a +1 ring mail of positive energy
   (You took it off an orc priest on level 7 of the Dungeon)
 u - a +0 plate armour (worn)
 D - a +3 ring mail
Jewellery
 j - an uncursed amulet of warding
 k - a ring of fire (left hand)
 m - an amulet of clarity (around neck)
 x - a +5 ring of evasion (right hand)
Magical devices
 n - a wand of draining (3)
 y - a wand of draining (4)
 z - a wand of random effects (25)
 A - a wand of draining (4)
Scrolls
 b - 6 scrolls of identify {unknown}
 d - 3 scrolls of magic mapping
 e - a scroll of teleportation {unknown}
 f - a scroll of remove curse {@r2}
 w - a scroll of enchant armour {unknown}
 E - a scroll of vulnerability {unknown}
 F - 2 scrolls of enchant weapon {unknown}
Potions
 i - a potion of invisibility {unknown}
 p - a potion of agility {unknown}
 q - 2 potions of berserk rage {unknown}
 r - 4 potions of flight {unknown}
 s - 2 potions of might {unknown}
 t - 3 potions of curing {@q1}
 v - a potion of heal wounds {unknown}
 C - 2 potions of poison {unknown}
Miscellaneous
 a - a phantom mirror
Comestibles
 c - 4 bread rations
 g - a meat ration
 o - a fruit
 H - 9 royal jellies
 I - 6 beef jerkies

...# #.## #.#
### ... ##≈≈≈#
#.. ##...≈≈≈≈
#.#
#####....≈≈≈≈
#.#
##.......†≈≈≈≈
#.#
#....E...≈.≈≈≈≈
#.#
#...@E.....≈≈≈≈
#.#
#.####†..≈≈≈≈≈≈
#.###########.#
##...≈≈≈≈
....†....)....#
##†≈≈##
...#####.######
#### ....# #†#
#.# ...##
#.###### ...
#.## #......#
#.# . #.#
######.# ###.#
### #


You could see 2 water elementals.


Message History

You see here a chunk of flesh.
B - a chunk of flesh Eat a chunk of flesh? (ye/n/q/i?)
Okay, then.
You closely miss the hound. Your bite misses the hound.
The hound closely misses you. The hound barely misses you.
You slash the hound!
You kill the hound!
Trog accepts your kill. The bat misses you.
You slice the bat!!
You kill the bat!
Trog accepts your kill.
Eat a chunk of flesh? (ye/n/q/i?)
You continue eating. x2
You see here a bat corpse.
You see here a bat corpse.
Items here: ) [ †† a halberd; an animal skin; a hound corpse; the gnoll corpse of Grum
Found 24 stones.
Found two human corpses.
A water elemental comes into view.
Found a human corpse.
A water elemental comes into view.
A water elemental comes into view.
You slash the water elemental! The water elemental hits you.
The water elemental engulfs you in water!
You hit the water elemental. Your bite misses the water elemental.
Your lungs strain for air!
The water elemental closely misses you.
You hit the water elemental. You bite the water elemental! You drain its power.
You feel invigorated.
You slash the water elemental!
Your lungs strain for air!
The water elemental hits you! The water elemental hits you.
The water elemental hits you.
* * * LOW HITPOINT WARNING * * *
The water elemental hits you.
* * * LOW HITPOINT WARNING * * *
With effort, you pull free of the water engulfing you.
You gasp with relief as air once again reaches your lungs.
The water elemental hits you!
* * * LOW HITPOINT WARNING * * *
The water elemental engulfs you in water!
A red film seems to cover your vision as you go berserk!
You feel yourself moving faster!
You feel mighty!
You feel somewhat more hungry.
* * * LOW HITPOINT WARNING * * *
Your lungs strain for air!
The water elemental hits you. The water elemental hits you!
* * * LOW HITPOINT WARNING * * *
The water elemental closely misses you.
You barely miss the water elemental. Your bite misses the water elemental.
You slice the water elemental!!
You destroy the water elemental!
Your Fighting skill increases to level 5!
You closely miss the water elemental.
* * * LOW HITPOINT WARNING * * *
Your lungs strain for air!
The water elemental misses you.
You barely miss the water elemental. Your bite misses the water elemental.
You hit the water elemental.
* * * LOW HITPOINT WARNING * * *
Your lungs strain for air!
The water elemental barely misses you.
With effort, you pull free of the water engulfing you.
You gasp with relief as air once again reaches your lungs.
You closely miss the water elemental. You bite the water elemental!
You drain its power.
You feel invigorated.
You slash the water elemental! The water elemental hits you!
You die...

Action                   |  1- 3 |  4- 6 |  7- 9 | 10-12 || total
-------------------------+-------+-------+-------+-------++-------
Melee: Hand axe          |    64 |   159 |   306 |       ||   529
       Battleaxe         |       |       |    71 |    36 ||   107
Invok: Berserk           |     1 |     4 |     3 |     2 ||    10
       Trog's Hand       |       |     2 |     3 |       ||     5
  Use: Scroll            |       |     2 |       |     1 ||     3
  Eat: Chunk             |       |     5 |     3 |     3 ||    11
       Bread ration      |       |       |     1 |       ||     1
       Fruit             |       |       |     1 |       ||     1
       Beef jerky        |       |       |     1 |       ||     1

Vault maps used:
D:1:      eino_arrival_cavern_e
D:3:      kennysheep_big_flooded_room, lemuel_crystal_altar, minitemple,
          minmay_goblin_outpost, uniq_natasha, uniq_terence
D:4:      nicolae_overflow_hidden_temple, serial_shops, nicolae_shop_trees
D:5:      lemuel_ice_spiral_2, demons_altar, serial_shops, shop,
          gup_sewer_entry_bowl, first_bread, uniq_eustachio
D:6:      temple_fountains
D:7:      serial_glass, glass_columns_a, glass_columns_a
D:8:      nicolae_tso_besieged_by_evil, serial_shops, shop, kennysheep_mini,
          shop_fountains, shop, basic_altar, uniq_joseph
D:9:      hangedman_pestilent_swarm, kennysheep_generic_room_6
D:10:     grunt_ministairs_8, nicolae_underground_beach, uniq_grum
Temple:   circular_temple_12
Sewer:    sewer_fruit_machine

Notes
Turn   | Place    | Note
--------------------------------------------------------------
     0 | D:1      | Sixotanaka, the Vine Stalker Berserker, began the quest for the Orb.
     0 | D:1      | Reached XP level 1. HP: 11/11 MP: 2/2
    68 | D:1      | Reached skill level 3 in Axes
    96 | D:1      | Reached XP level 2. HP: 4/16 MP: 3/3
   207 | D:2      | Acquired Trog's second power
   209 | D:2      | Reached XP level 3. HP: 18/19 MP: 2/4
   220 | D:2      | Reached skill level 4 in Axes
   297 | D:2      | Reached XP level 4. HP: 20/23 MP: 3/5
   321 | D:3      | HP: 5/23 [quasit (1)]
   322 | D:3      | HP: 2/23 [quasit (2)]
   379 | D:3      | Reached skill level 5 in Axes
   471 | D:4      | Reached XP level 5. HP: 23/27 MP: 4/6
   617 | D:5      | Entered Level 5 of the Dungeon
   626 | D:5      | Noticed a centaur
   642 | D:5      | Killed a centaur
   642 | D:5      | Reached skill level 6 in Axes
   642 | D:5      | Gained mutation: You heal very quickly. [Vine Stalker growth]
   642 | D:5      | Reached XP level 6. HP: 16/32 MP: 4/7
   786 | D:5      | Found a glowing drain.
   790 | Sewer    | Entered a sewer
   922 | D:6      | Found a staircase to the Ecumenical Temple.
   932 | Temple   | Entered the Ecumenical Temple
  1019 | D:7      | HP: 12/48 [orc warrior/halberd (9)]
  1024 | D:7      | HP: 5/48 [orc warrior/halberd (11)]
  1026 | D:7      | Reached skill level 7 in Axes
  1026 | D:7      | Reached XP level 7. HP: 6/35 MP: 8/8
  1175 | D:6      | Noticed a water moccasin
  1192 | D:6      | Killed a water moccasin
  1192 | D:6      | Reached skill level 2 in Armour
  1362 | D:7      | Reached skill level 8 in Axes
  1396 | D:7      | Gained mutation: You have razor-sharp teeth. [Vine Stalker growth]
  1396 | D:7      | Reached XP level 8. HP: 18/39 MP: 4/9
  1397 | D:7      | HP: 12/58 [wight/enchanted trident (3)]
  1397 | D:7      | HP: 4/58 [gnoll/halberd (8)]
  1400 | D:7      | Reached skill level 3 in Armour
  1515 | D:7      | Acquired Trog's third power
  1694 | D:8      | Found Nalapt's General Store.
  1704 | D:8      | Bought 2 potions of curing for 72 gold pieces
  1711 | D:8      | Found a glowing golden altar of the Shining One.
  1716 | D:8      | Reached skill level 4 in Armour
  1834 | D:8      | Found Xuemeur's Antique Armour Shoppe.
  1855 | D:8      | Reached skill level 9 in Axes
  1909 | D:8      | Found an iron altar of Okawaru.
  1915 | D:8      | Found Uchag's Distillery.
  2009 | D:9      | Reached XP level 9. HP: 39/43 MP: 8/10
  2057 | D:9      | Reached skill level 5 in Armour
  2329 | D:10     | Entered Level 10 of the Dungeon
  2415 | D:10     | Reached skill level 3 in Fighting
  2417 | D:10     | Reached skill level 10 in Axes
  2426 | D:10     | Reached skill level 6 in Armour
  2491 | D:9      | Reached skill level 4 in Fighting
  2523 | D:9      | Reached XP level 10. HP: 27/50 MP: 11/11
  2524 | D:9      | HP: 17/75 [boring beetle (12)]
  2689 | D:10     | Noticed Grum
  2698 | D:10     | Killed Grum
  2707 | D:10     | Reached skill level 11 in Axes
  2729 | D:10     | zzxc: herro
  2741 | D:10     | HP: 14/76 [drowned by a water elemental (5)]
  2742 | D:10     | Reached skill level 5 in Fighting
  2742 | D:10     | HP: 4/76 [drowned by a water elemental (3)]
  2743 | D:10     | HP: 1/76 [drowned by a water elemental (3)]
  2745 | D:10     | Slain by a water elemental

Vanquished Creatures
  A troll (D:10)
  A water elemental (D:10)
  A hippogriff (D:8)
  6 yaks (D:10)
  Grum (D:10)
  4 wolves (D:10)
  A water moccasin (D:6)
  A spider (D:9)
  A sky beast (D:9)
  An eye of draining (D:9)
  A wasp (D:10)
  A centaur (D:5)
  2 orc warriors (D:7)
  A phantom (D:8)
  A giant frog (D:6)
  A big kobold (D:7)
  2 boring beetles (D:9)
  A gnoll sergeant (D:7)
  8 wights
  A goliath beetle (D:9)
  A giant frog zombie (D:9)
  A quasit (D:3)
  2 crimson imps
  3 hounds
  A jelly (D:7)
  3 orc priests
  3 orc wizards
  2 iguanas
  A centaur skeleton (D:7)
  3 worker ants
  A hound skeleton (D:8)
  A worker ant zombie (D:9)
  A river rat (D:5)
  5 adders
  14 gnolls
  2 oozes
  2 worms
  An adder skeleton (D:7)
  A giant gecko (D:5)
  15 orcs
  6 giant cockroaches
  10 goblins
  10 hobgoblins
  2 quokkas
  4 ball pythons
  11 bats
  5 giant newts
  3 goblin skeletons (D:8)
  A goblin zombie (D:8)
  2 hobgoblin zombies (D:8)
  8 kobolds
  A kobold zombie (D:8)
  3 orc skeletons (D:8)
  2 orc zombies (D:8)
  4 rats
172 creatures vanquished.
